 Dungeon Crawl Stone Soup version 0.19-a0-1035-gdbfb0c6 (webtiles) character file.

91 HAL9000 the Sneak (level 4, -1/23 HPs)
             Began as a Vine Stalker Enchanter on July 29, 2016.
             Killed from afar by Natasha (9 damage)
             ... with a magic dart
             ... on level 2 of the Dungeon.
             The game lasted 00:03:57 (1155 turns).

HAL9000 the Sneak (Vine Stalker Enchanter)          Turns: 1155, Time: 00:03:58

Health: -1/23      AC:  5    Str: 12    XL:     4   Next: 57%
Magic:  0/8        EV: 12    Int: 15    God:
Gold:   118        SH:  0    Dex: 14    Spells: 3 memorised, 1 level left

rFire  . . .     SeeInvis .     a - +1 dagger
rCold  . . .     Gourm    .     b - +1 robe
rNeg   . . .     Faith    .     (no shield)
rPois  .         Spirit   +     (no helmet)
rElec  .         Dismiss  .     (no cloak)
rCorr  .         Reflect  .     (no gloves)
SustAt .         Harm     .     l - +1 pair of boots
MR     .....                    (no amulet)
Stlth  ++........               (no ring)
                                (no ring)

@: slowed, very slow, not resistant to hostile enchantments, unstealthy
A: fangs 2, regeneration 1, magic shield, antimagic bite, no device heal 3, rot
immunity
a: no special abilities


You were on level 2 of the Dungeon.
You were hungry.

You visited 1 branch of the dungeon, and saw 2 of its levels.

You collected 118 gold pieces.

Inventory:

Hand Weapons
 a - a +1 dagger (weapon)
Armour
 b - a +1 robe (worn)
 l - a +1 pair of boots (worn)
Wands
 p - a wand of flame (17/48)
Scrolls
 e - a scroll of fear {unknown}
 g - a scroll of identify {unknown}
 h - a scroll of blinking {unknown}
 n - a scroll of recharging {unknown}
 o - a scroll of remove curse {unknown}
 r - a scroll of noise {unknown}
Potions
 j - 2 potions of curing {unknown}
 m - a potion of degeneration {unknown}
Books
 c - a book of Maledictions

   Spells                             Type                      Level
   a - Corona                         Hexes                        1
   b - Ensorcelled Hibernation        Hexes/Ice                    2
   c - Confuse                        Hexes                        3
   d - Tukima's Dance                 Hexes                        3
   e - Dazzling Spray                 Conjuration/Hexes            3
Comestibles
 d - 3 bread rations
 f - 2 beef jerkies
 i - a meat ration
 k - 4 fruits


   Skills:
 + Level 2.0 Fighting
 * Level 3.1 Short Blades
 - Level 1.5 Dodging
 - Level 3.6 Stealth
 - Level 2.1 Spellcasting
 - Level 3.0 Hexes


You had one spell level left.
You knew the following spells:

 Your Spells              Type           Power        Failure   Level  Hunger
a - Corona                Hex            ##.....      8%          1    #......
x - Confuse               Hex            ##......     21%         3    ###....
z - Ensorcelled Hibernat  Hex/Ice        #.....       17%         2    ###....


Dungeon Overview and Level Annotations

Branches:
Dungeon (2/15)

Altars:
Xom

Annotations:
D:2 Natasha


Innate Abilities, Weirdness & Mutations

You have extremely sharp teeth.
Your natural rate of healing is unusually fast.
When hurt, damage is shared between your health and your magic reserves.
Your bite disrupts and absorbs the magic of your enemies.
Potions and wands cannot restore your health.
You are immune to rotting.


Message History

You hit Natasha.
Natasha is moderately wounded.
The crimson imp disappears in a puff of smoke!
Natasha closely misses you.
You closely miss Natasha. Your bite misses Natasha.
Natasha is moderately wounded.
Natasha claws you. Natasha barely misses you.
The iron imp disappears in a puff of smoke!
Natasha stares at you and mumbles some strange words.
The magic dart hits you! Natasha barely misses you.
Natasha mumbles some strange words.
You feel troubled. Natasha claws you. Natasha casts a spell at you.
You resist with some effort. Natasha casts a spell at you.
The magic dart hits you!
You die...

####.#
...#............#
.....#
#.#............#
######.#
...............#
.......#
.#........#...#
#..#####
#........#.<.#
...#
#........#...#
...#
###'######...#
.@.# #.# #...#
h..# #@# #####
..5##### #######.#
.5†@.5.#.#......h#
.#.###.#......).)#
.#.# #5########.##
.#.# #.#....§...#
.#.# #.##.#######
.#.# #....# ...#
######


You could see Natasha.

Vanquished Creatures
  Ijyb (D:2)
  Terence (D:2)
  An ooze (D:1)
  A dart slug (D:1)
  A giant gecko (D:1)
  A giant cockroach (D:1)
  3 goblins (D:1)
  3 hobgoblins (D:1)
  8 kobolds
  8 bats
  2 giant newts (D:1)
  5 rats
35 creatures vanquished.

Notes
Turn   | Place    | Note
-------+----------+-------------------------------------------
     0 | D:1      | HAL9000 the Vine Stalker Enchanter began the quest for the Orb.
     0 | D:1      | Reached XP level 1. HP: 9/9 MP: 4/4
    21 | D:1      | Reached skill level 1 in Short Blades
    55 | D:1      | Reached XP level 2. HP: 11/14 MP: 6/6
   166 | D:1      | Reached skill level 1 in Fighting
   316 | D:1      | Reached XP level 3. HP: 17/18 MP: 7/7
   336 | D:1      | Learned a level 2 spell: Ensorcelled Hibernation
   340 | D:1      | Learned a level 3 spell: Confuse
   663 | D:2      | Found a shimmering altar of Xom.
   744 | D:2      | Noticed Ijyb
   841 | D:2      | Killed Ijyb
   841 | D:2      | Reached XP level 4. HP: 8/23 MP: 3/8
  1063 | D:2      | Noticed Natasha
  1063 | D:2      | Noticed Terence
  1141 | D:2      | Killed Terence
  1155 | D:2      | Killed from afar by Natasha

Vault maps used:
D:1:      dpeg_arrival_erosion
D:2:      nicolae_overflow_crystal_walls, first_bread, minmay_tiny_reverse_x,
          uniq_iyjb, uniq_natasha, uniq_terence

Skill      XL: |  1  2  3  4 |
---------------+-------------+-----
Short Blades   | 1 2 3 |  3.1
Fighting       | 1 2 |  2.0
Dodging        | |  1.5
Stealth        | |  3.6
Spellcasting   | |  2.1
Hexes          | |  3.0

Action                   |  1- 3 |  4- 6 || total
-------------------------+-------+-------++-------
Melee: Dagger            |   113 |    34 ||   147
       Bite              |    25 |    12 ||    37
 Cast: Ensorcelled Hiber |     1 |     1 ||     2
       Confuse           |       |     4 ||     4
 Stab: Sleeping          |     2 |     2 ||     4
  Eat: Chunk             |       |     1 ||     1
Armor: Robe              |    46 |     3 ||    49
Dodge: Dodged            |    91 |    16 ||   107
